 Dungeon Crawl Stone Soup version 0.21-a0-404-g291f19a (webtiles) character file.

191 FerrousOx the Charlatan (level 5, -8/39 HPs)
             Began as a Demonspawn Artificer on Oct 31, 2017.
             Mangled by a two-headed ogre
             ... wielding a +0 giant club
              (17 damage)
             ... on level 3 of the Dungeon.
             The game lasted 00:06:38 (2081 turns).

FerrousOx the Charlatan (Demonspawn Artificer)      Turns: 2081, Time: 00:06:38

Health: -8/39      AC:  3    Str: 13    XL:     5   Next: 41%
Magic:  8/8        EV: 12    Int: 12    God:
Gold:   75         SH:  0    Dex: 14    Spells: 4/4 levels left

rFire    . . .     SeeInvis .   j - +2 dagger (venom)
rCold    . . .     Gourm    .   (no shield)
rNeg     . . .     Faith    .   b - +0 leather armour
rPois    .         Spirit   .   (no helmet)
rElec    .         Reflect  .   (no cloak)
rCorr    .         Harm     .   (no gloves)
MR       .....                  (no boots)
Stlth    +.........             (no amulet)
HPRegen  0.13/turn              (no ring)
MPRegen  0.11/turn              (no ring)

@: no status effects
A: hooves 1, spiny 1
a: no special abilities


You were on level 3 of the Dungeon.
You were not hungry.

You visited 1 branch of the dungeon, and saw 3 of its levels.

You collected 75 gold pieces.

Inventory:

Hand Weapons
 j - a +2 dagger of venom (weapon)
Missiles
 a - 16 poisoned needles
Armour
 b - a +0 leather armour (worn)
Jewellery
 m - a +4 ring of dexterity {unknown}
Wands
 c - a wand of flame (15/48)
 d - a wand of enslavement (7/24)
 e - a wand of random effects (8/48)
 q - a wand of enslavement (9/24)
Scrolls
 g - a scroll of identify {unknown}
 h - 4 scrolls of teleportation {unknown}
 l - 2 scrolls of remove curse {unknown}
 o - a scroll of enchant armour {unknown}
 p - a scroll of magic mapping {unknown}
Potions
 i - a potion of mutation {unknown}
 k - a potion of magic {unknown}
 n - a potion of lignification {unknown}
 r - a potion of curing {unknown}
 s - a potion of haste
 t - a potion of degeneration {unknown}
Comestibles
 f - 3 bread rations
 u - a meat ration


   Skills:
 * Level 2.3 Fighting
 * Level 2.8 Short Blades
 - Level 1.1 Armour
 - Level 1.7 Dodging
 - Level 1.1 Stealth
 + Level 4.4 Evocations


You had 4 spell levels left.
You didn't know any spells.

Dungeon Overview and Level Annotations

Branches:
Dungeon (3/15)

Altars:

Annotations:
D:3 madrick's ghost, amateur KoHu


Innate Abilities, Weirdness & Mutations

You have large cloven feet.
You are partially covered in sharp spines.


Message History

Aiming: Random Effects
Press: ? - help, Shift-Dir - straight line Nothing appears to happen.
This wand has 11 charges left.
Aiming: Random Effects
Press: ? - help, Shift-Dir - straight line The puff of frost hits something.
This wand has 10 charges left.
Aiming: Random Effects
Press: ? - help, Shift-Dir - straight line Nothing appears to happen.
This wand has 9 charges left.
Aiming: Random Effects
Press: ? - help, Shift-Dir - straight line The mass of ice explodes!
The iceblast engulfs something.
This wand has 8 charges left.
You hear a bark!
You hear a shout! x2
Something hits you but does no damage. Something hits you!!
Ouch! That really hurt!
* * * LOW HITPOINT WARNING * * *
An orc priest comes into view. It is wielding a short sword.
Something hits you!
You die...

..... ....
###...##...
.##.........
..........#.#####
...........#......
..........<..# . .
.............# ....
.........[....#.....
...........@....o...
...##............##+
....................
$...................
....................
##..................
#..................
#....##............
#.... #.........#


You could see an orc priest.

Vanquished Creatures
  Sigmund (D:2)
  A dart slug (D:1)
  A leopard gecko (D:3)
  An orc (D:3)
  3 bats
  3 giant cockroaches
  6 goblins
  6 hobgoblins
  2 frilled lizards (D:1)
  4 kobolds (D:1)
  4 rats
32 creatures vanquished.

Vanquished Creatures (collateral kills)
  A ball python (D:2)
  A giant cockroach (D:2)
  A goblin (D:2)
3 creatures vanquished.

Grand Total: 35 creatures vanquished

Notes
Turn   | Place    | Note
-------+----------+-------------------------------------------
     0 | D:1      | FerrousOx the Demonspawn Artificer began the quest for the Orb.
     0 | D:1      | Reached XP level 1. HP: 15/15 MP: 3/3
    84 | D:1      | Reached skill level 1 in Short Blades
   220 | D:1      | Gained mutation: You have large cloven feet. [demonic ancestry]
   220 | D:1      | Reached XP level 2. HP: 19/21 MP: 4/4
   801 | D:1      | You fall through a shaft!
   816 | D:2      | Noticed Sigmund
   849 | D:2      | Gained mutation: You are partially covered in sharp spines. [demonic ancestry]
   849 | D:2      | Reached XP level 3. HP: 25/26 MP: 5/5
   990 | D:2      | HP: 1/26 [Sigmund/puff of flame (12)]
  1210 | D:3      | Noticed madrick's ghost (amateur KoHu)
  1221 | D:2      | Killed Sigmund
  1221 | D:2      | Reached skill level 1 in Armour
  1221 | D:2      | Reached skill level 1 in Stealth
  1221 | D:2      | Reached skill level 4 in Evocations
  1221 | D:2      | Reached XP level 4. HP: 21/33 MP: 5/7
  1221 | D:2      | Reached XP level 5. HP: 25/38 MP: 5/8
  2072 | D:3      | Noticed a two-headed ogre
  2081 | D:3      | Mangled by a two-headed ogre

Vault maps used:
D:1:      dpeg_arrival_yet_another_circle, minmay_cut_off
D:2:      first_bread, uniq_sigmund
D:3:      makhleb_heckhound_becter, kennysheep_generic_room_8

Skill      XL: |  1  2  3 |
---------------+----------+-----
Short Blades   | 1 2 |  2.8
Fighting       | 2 |  2.3
Armour         | 1 |  1.1
Stealth        | 1 |  1.1
Evocations     | 4 |  4.4
Dodging        | |  1.7

Action                   |  1- 3 |  4- 6 || total
-------------------------+-------+-------++-------
Melee: Short sword       |    42 |       ||    42
       Dagger            |    44 |     6 ||    50
       Kick              |     6 |     1 ||     7
Evoke: Wand              |    10 |     5 ||    15
 Stab: Confused          |     1 |       ||     1
  Eat: Bread ration      |       |     1 ||     1
Armor: Leather armour    |    43 |     3 ||    46
Dodge: Dodged            |    56 |     6 ||    62

Table legend:
 A = Spawn XP
 B = Non-spawn XP
 C = Spawn XP percentage of total XP
 D = Spawn monster count
 E = Non-spawn monster count
 F = Spawn count percentage of total count
 G = Total turns spent on level
                    A         B        C        D         E        F      G
               +---------+---------+-------+---------+---------+-------+---------
         Total |       0 |     273 |   0.0 |       0 |      35 |   0.0 |  2081
               +---------+---------+-------+---------+---------+-------+---------
           D:1 |       0 |      37 |   0.0 |       0 |      21 |   0.0 |   801
           D:2 |       0 |     230 |   0.0 |       0 |      12 |   0.0 |  1140
           D:3 |       0 |       6 |   0.0 |       0 |       2 |   0.0 |   140
               +---------+---------+-------+---------+---------+-------+---------
